AoeStats
← [KMNB] Bandeira

Lombardia

509083609Analyzed
3v3 RM · 7d ago on Sep 25, 2026· 53m 11s· 6 players
Game mode
Random Map
Map size
Normal (6 player)
Population
200
Speed
Normal
Resources
Standard
Victory
Conquest
Starting age
Dark Age
Ending age
Imperial Age
RankedLock teamsTeams togetherTeam positionsShared explorationLock speedFull tech treeHidden civsTurbo modeCheats
Victory
Defeat
1519
+17
🇨🇳 Saracens · China
1498
+18
🇨🇳 Franks · China
1423
+20
🇧🇷 Varangians · Brazil
1549
-19
🇧🇷 Saracens · Brazil
1534
-18
🇧🇷 Italians · Brazil
1528
-18
[QHB] Tony
5:50 Loom
8:51 Feudal Age
9:48 Double-Bit Axe
15:14 Town Watch
15:16 Horse Collar
18:06 Wheelbarrow
23:16 Castle Age
23:10 Gold Mining
23:32 Scale Barding Armor
24:19 Forging
24:31 Bloodlines
24:21 Husbandry
24:46 Husbandry
25:50 Chain Barding Armor
37:40 Crossbowman
38:25 Thumb Ring
42:47 Imperial Age
41:19 Fletching
41:30 Padded Archer Armor
42:13 Ballistics
42:52 Bodkin Arrow
43:13 Leather Archer Armor
43:33 Bracer
44:46 Chemistry
44:07 Arbalester
47:02 Bow Saw
49:10 Onager
51:17 Fortified Wall
50:53 Capped Ram
QHB挂b户口本1页
11:11 Feudal Age
15:15 Castle Age
13:04 Double-Bit Axe
17:10 Bow Saw
21:15 Scale Barding Armor
24:18 Chain Barding Armor
24:09 Forging
24:46 Wheelbarrow
26:25 Forging
26:25 Husbandry
26:54 Town Watch
27:25 Hand Cart
27:56 Loom
28:08 Gold Mining
34:19 Imperial Age
32:47 Iron Casting
35:05 Cavalier
36:25 Plate Barding Armor
36:51 Blast Furnace
37:00 Masonry
37:33 Gold Shaft Mining
36:48 Stone Mining
36:50 Paladin
39:29 Conscription
42:10 Ballistics
42:51 Chemistry
42:23 Architecture
46:38 Elite Throwing Axeman
48:00 Hoardings
51:24 Scale Mail Armor
51:16 Fletching
[QHB] Noel Vermillion
9:33 Feudal Age
9:41 Loom
10:43 Double-Bit Axe
11:27 Bloodlines
15:19 Horse Collar
16:33 Scale Barding Armor
23:03 Forging
26:08 Castle Age
25:31 Forging
26:56 Wheelbarrow
26:27 Gold Mining
26:09 Light Cavalry
26:51 Husbandry
27:14 Chain Barding Armor
29:04 Iron Casting
37:42 Stone Mining
38:04 Bow Saw
37:56 Heavy Plow
40:30 Imperial Age
39:30 Fletching
40:41 Cavalier
41:58 Plate Barding Armor
42:24 Blast Furnace
42:49 Scale Mail Armor
42:36 Elite Varangian Guard
43:33 Squires
43:18 Arson
43:19 Gambesons
45:26 Chain Mail Armor
45:25 Capped Ram
46:21 Siege Ram
47:41 Pikeman
51:11 Plate Mail Armor
50:06 Gothikon
51:07 Conscription
51:35 Fortified Wall
[KMNB] Bandeira
7:19 Loom
9:49 Feudal Age
10:33 Double-Bit Axe
12:41 Horse Collar
13:45 Forging
15:33 Scale Barding Armor
16:21 Bloodlines
24:42 Castle Age
22:51 Gold Mining
24:43 Light Cavalry
26:21 Iron Casting
26:22 Chain Barding Armor
27:03 Husbandry
28:59 Wheelbarrow
34:22 Bow Saw
34:14 Heavy Plow
40:39 Imperial Age
40:47 Cavalier
42:27 Plate Barding Armor
43:54 Hussar
51:55 Conscription
52:56 Caravan
[KMNB] Galodoido
8:59 Feudal Age
7:35 Loom
14:04 Fletching
20:38 Padded Archer Armor
21:14 Double-Bit Axe
26:04 Castle Age
24:22 Gold Mining
24:39 Horse Collar
26:09 Crossbowman
27:17 Bow Saw
27:40 Bodkin Arrow
28:01 Leather Archer Armor
30:11 Ballistics
32:19 Heavy Plow
33:36 Thumb Ring
34:39 Stone Mining
36:16 Wheelbarrow
37:16 Gold Shaft Mining
41:06 Imperial Age
41:32 Arbalester
42:52 Bracer
43:12 Hand Cart
45:47 Ring Archer Armor
47:48 Two-Man Saw
47:45 Masonry
48:36 Chemistry
51:25 Conscription
50:26 Elite Skirmisher
[KMNB] Dedão
6:48 Loom
9:17 Feudal Age
9:47 Double-Bit Axe
15:32 Fletching
16:26 Horse Collar
19:33 Wheelbarrow
22:17 Castle Age
22:20 Gold Mining
22:34 Stone Mining
22:48 Padded Archer Armor
22:23 Crossbowman
23:02 Bodkin Arrow
24:33 Thumb Ring
25:36 Ballistics
27:33 Heavy Plow
27:43 Town Watch
29:22 Bow Saw
31:28 Leather Archer Armor
33:54 Hand Cart
38:13 Imperial Age
37:00 Scale Barding Armor
37:07 Forging
38:24 Elite Genoese Crossbowman
40:06 Chemistry
39:09 Bracer
39:58 Conscription
40:35 Ring Archer Armor
40:26 Chain Barding Armor
46:40 Caravan
47:10 Coinage
47:19 Fortified Wall
47:04 Murder Holes
52:04 Two-Man Saw
Connection lost

Rejoining the realm…

Still unreachable

The connection could not be restored.

Session expired

The server has moved on; the page needs a fresh start.